 Dungeon Crawl Stone Soup version 0.17.0-26-gececa24 (webtiles) character file.

14 4thArraOfDagon the Scratcher (level 2, -5/12 HPs)
             Began as a Felid Transmuter on Nov 19, 2015.
             Killed from afar by Blork the orc (6 damage)
             ... with a puff of frost
             ... on level 4 of the Dungeon.
             The game lasted 00:02:25 (402 turns).

4thArraOfDagon the Scratcher (Felid Transmuter)      Turns: 402, Time: 00:02:25

Health: -5/12      AC:  2    Str:  6    XL:     2   Next: 27%
Magic:  6/6        EV: 18    Int: 14    God:
Gold:   35         SH:  0    Dex: 16    Spells: 1 memorised, 4 levels left
                                        Lives:  0   Deaths: 0

rFire  . . .     SeeInvis +       - Unarmed
rCold  . . .     Clarity  .     (armour unavailable)
rNeg   . . .     SustAt   .     (shield unavailable)
rPois  +         Gourm    .     (helmet unavailable)
rElec  .         Spirit   .     (cloak unavailable)
rCorr  .         Warding  .     (gloves unavailable)
rMut   .         Stasis   .     (boots unavailable)
MR     .....                    (no amulet)
Stlth  ++........               (no ring)
                                d - ring of poison resistance

@: appendage (expiring), quick, not resistant to hostile enchantments,
unstealthy
A: no armour, no weapons or thrown items, claws 1, fangs 3, horns 2, icy blue
scales 1, see invisible, carnivore 3, speed 1, shaggy fur 1, slow metabolism 1,
sharp paws
a: End Transformation


You were on level 4 of the Dungeon.
You were full.
You had grown temporary horns.
You visited 1 branch of the dungeon, and saw 5 of its levels.

You collected 35 gold pieces.

Inventory:

Missiles
 a - 12 arrows
Jewellery
 d - a ring of poison resistance (left paw)
Scrolls
 e - a scroll of noise
Books
 b - a book of Changes

   Spells                             Type                      Level
   a - Beastly Appendage              Transmutation                1
   b - Sticks to Snakes               Transmutation                2
   c - Spider Form                    Transmutation/Poison         3
   d - Ice Form                       Ice/Transmutation            4
   e - Blade Hands                    Transmutation                5
Comestibles
 c - 4 meat rations


   Skills:
 + Level 1.3 Fighting
 + Level 2.9 Dodging
 + Level 0.4 Stealth
 * Level 3.3 Unarmed Combat
 - Level 2.0 Spellcasting
 * Level 2.3 Transmutations


You had 4 spell levels left.
You knew the following spells:

 Your Spells              Type           Power        Failure   Level  Hunger
a - Beastly Appendage     Trmt           #.....       12%         1    ##.....


Dungeon Overview and Level Annotations

Branches:
Dungeon (5/15)
 Temple: D:4-7

Altars:
Nemelex Xobeh

Shops:
D:5 }(

Annotations:
D:3 Grinder
D:4 Blork the orc


Innate Abilities, Weirdness & Mutations

You cannot wear armour.
You are incapable of wielding weapons or throwing items.
You have sharp claws.
You have razor-sharp teeth.
You have supernaturally acute eyesight.
You are carnivorous and can eat meat at any time.
You cover ground quickly.
You are covered in fur (AC +1).
You have a slow metabolism.
Your sharp claws are effective at attacking unaware monsters.
You have a pair of horns on your head.
You are partially covered in icy blue scales (AC +1).


Message History

You barely miss Blork the orc.
You headbutt Blork the orc, but do no damage.
Your bite misses Blork the orc.
Blork the orc is moderately wounded.
Blork the orc misses you.
Unknown command.
You scratch Blork the orc.
Blork the orc is moderately wounded.
Blork the orc points at you and mumbles some strange words.
The magic dart hits you!
* * * LOW HITPOINT WARNING * * *
Unknown command.
Unknown command.
Unknown command.
You barely miss Blork the orc.
Blork the orc is moderately wounded.
Blork the orc gestures at you while chanting.
The puff of frost hits you!
Ouch! That really hurt!
You die...

#.. #.#..#
#..###.#..###.#
#....#......#.#
#.............#
###........$..##
#..#.#.......##
#..#.#.........
#....o.......##
#..#.#@.....(..
#..#.##....###
#...o...####
##.#.#### #.#.#
....# ##.### #.
#


You could see Blork the orc.

Vanquished Creatures
  An ooze (D:3)
  An orc (D:3)
  A giant cockroach (D:2)
  A hobgoblin (D:3)
  A kobold (D:3)
  A quokka (D:3)
  A giant gecko (D:3)
  A goblin (D:3)
8 creatures vanquished.

Notes
Turn   | Place    | Note
--------------------------------------------------------------
     0 | D:1      | 4thArraOfDagon the Felid Transmuter began the quest for the Orb.
     0 | D:1      | Reached XP level 1. HP: 9/9 MP: 4/4
   105 | D:3      | Noticed an orc wizard
   105 | D:3      | Noticed an orc wizard
   144 | D:3      | Reached XP level 2. HP: 12/12 MP: 4/6
   171 | D:3      | Found a sparkling altar of Nemelex Xobeh.
   240 | D:3      | Noticed Grinder
   303 | D:4      | Noticed Blork the orc
   316 | D:4      | Gained mutation: You are partially covered in icy blue scales (AC +1). [potion of beneficial mutation]
   354 | D:5      | Entered Level 5 of the Dungeon
   354 | D:5      | Found Awkyqila's Gadget Emporium.
   359 | D:5      | Found Sefun's Antique Weapon Shoppe.
   402 | D:4      | Killed from afar by Blork the orc

Action                   || total
-------------------------++-------
Melee: Unarmed           ||    32
 Cast: Beastly Appendage ||     6
  Use: Scroll            ||     4
       Potion            ||     1
  Eat: Chunk             ||     2
